 Dungeon Crawl Stone Soup version 0.30-a0-881-g1ff12e1e11 (webtiles) character file.

Game seed: 14208009005269699838

33156 Newt the Markskobold (level 14, -2/75 HPs)
             Began as a Kobold Hunter on Mar 14, 2023.
             Was the Champion of Hepliaklqana.
             Slain by a death yak (23 damage)
             ... on level 3 of the Lair of Beasts.
             The game lasted 00:21:31 (19247 turns).

Newt the Markskobold (Kobold Hunter)               Turns: 19247, Time: 00:21:32

Health: -2/75      AC: 13    Str:  7    XL:     14   Next: 6%
Magic:  20/27      EV: 21    Int: 10    God:    Hepliaklqana [******]
Gold:   586        SH:  0    Dex: 27    Spells: 27/31 levels left

rFire   . . .      SeeInvis +    a - +6 shortbow (elec)
rCold   . . .      Faith    .    (shield currently unavailable)
rNeg    + . .      Spirit   .    n - +3 leather armour {rPois}
rPois   +          Reflect  .    (no helmet)
rElec   .          Rampage  .    N - +1 cloak {Stlth+}
rCorr   .                        V - +1 pair of gloves
Will    +....                    G - +2 pair of boots {Stlth+}
Stlth   +++++                    R - amulet of regeneration
HPRegen 1.12/turn                g - ring of positive energy
MPRegen 0.20/turn                A - ring of see invisible

@: no status effects
A: reduced essence, small, no large weapons, nightstalker 3, fangs 1, agile 1
a: Renounce Religion, Recall Ancestor, Ancestor Identity, Transference, Idealise


You were on level 3 of the Lair of Beasts.
You worshipped Hepliaklqana.
Hepliaklqana was exalted by your worship.
You visited 2 branches of the dungeon, and saw 17 of its levels.
You also visited: Sewer.

You collected 940 gold pieces.
You spent 354 gold pieces at shops.

Inventory:

Hand Weapons
 a - a +6 shortbow of electrocution (weapon)
 K - a +0 arbalest of electrocution
 X - a +0 shortbow of flaming
Missiles
 F - 2 throwing nets
Armour
 n - a +3 leather armour of poison resistance (worn)
 C - +0 steam dragon scales
 G - a +2 pair of boots of stealth (worn)
 N - a +1 cloak of stealth (worn)
 V - a +1 pair of gloves (worn)
Jewellery
 g - a ring of positive energy (left hand)
 A - a ring of see invisible (right hand)
 R - an amulet of regeneration (around neck)
 Y - a ring of willpower
 Z - a +5 ring of evasion
Wands
 q - a wand of polymorph (24)
 s - a wand of mindburst (11)
 O - a wand of charming (13)
Scrolls
 e - 5 scrolls of enchant armour
 p - 4 scrolls of amnesia
 u - 3 scrolls of immolation
 y - a scroll of fear
 B - a scroll of identify
 H - a scroll of magic mapping
 M - a scroll of butterflies
 P - a scroll of fog
Potions
 b - 2 potions of cancellation
 d - 5 potions of might
 h - 3 potions of lignification
 i - 4 potions of brilliance
 j - 4 potions of resistance
 k - a potion of heal wounds
 l - 3 potions of haste
 m - a potion of invisibility
 r - 4 potions of mutation
 w - 6 potions of ambrosia
 z - 2 potions of curing
 D - 3 potions of berserk rage
 S - a potion of flight
Miscellaneous
 v - a tin of tremorstones (2/2)
 J - a lightning rod (4/4)


   Skills:
 - Level 8.0 Fighting
 - Level 19.0 Ranged Weapons
 + Level 8.1 Dodging
 - Level 1.3 Stealth
 - Level 9.0 Spellcasting
 - Level 9.0 Poison Magic
 - Level 8.0 Invocations
 - Level 6.0 Evocations


You had 27 spell levels left.
You knew the following spells:

 Your Spells              Type           Power      Damage    Failure   Level
a - Olgreb's Toxic Radia  Pois           22%        N/A       5%          4

Your spell library contained the following spells:

 Spells                   Type           Power      Damage    Failure   Level
 Poisonous Vapours        Pois/Air       26%        N/A       5%          2
 Cigotuvi's Dreadful Rot  Necr/Pois/Air  20%        N/A       10%         2
 Spider Form              Tmut/Pois      13%        N/A       11%         3
 Mephitic Cloud           Conj/Pois/Air  10%        N/A       21%         3
 Ensorcelled Hibernation  Hex/Ice        8%         N/A       34%         2
 Stone Arrow              Conj/Erth      8%         3d7       56%         3
 Alistair's Intoxication  Tmut/Pois      8%         N/A       69%         5
 Airstrike                Air            2%         2d(1-17)  92%         4
 Anguish                  Hex/Necr       2%         N/A       92%         4
 Animate Armour           Summ/Erth      8%         N/A       92%         4
 Dispel Undead            Necr           4%         3d7       92%         4
 Summon Lightning Spire   Summ/Air       4%         N/A       92%         4
 Borgnjor's Vile Clutch   Necr/Erth      2%         N/A       99%         5
 Lightning Bolt           Conj/Air       2%         1d13      99%         5
 Eringya's Noxious Bog    Tmut/Pois      6%         N/A       99%         6
 Death Channel            Necr           2%         N/A       100%        6
 Ozocubu's Refrigeration  Ice            2%         4d7       100%        7
 Ignition                 Fire           2%         3d3       100%        8
 Lehudib's Crystal Spear  Conj/Erth      2%         10d2      100%        8


Dungeon Overview and Level Annotations

Branches:
Dungeon (12/15)            Temple (0/1) D:4            Lair (5/5) D:8
  Swamp (0/4) Lair:3        Snake (0/4) Lair:2          Orc (0/2) D:12
  Sewer (visited)
  Slime: Lair:4-5

Altars:
Cheibriados
Dithmenos
Gozag
Hepliaklqana
Kikubaaqudgha
Makhleb
Nemelex Xobeh
Qazlal
Ru
Sif Muna
Trog
Uskayaw
Vehumet
Wu Jian
Xom
Yredelemnul
Zin

Shops:
D:5 !   D:12 [


Innate Abilities, Weirdness & Mutations

Your life essence is reduced to manifest your ancestor. (-10% HP)
You are small and have problems with some larger weapons.
You are completely attuned to the shadows.
You have very sharp teeth.
You are agile. (Dex +4, Str/Int -1)


Message History

Unknown command.
The death yak gores you!! The death yak gores you!
The death yak attacks as you move away! The death yak closely misses you.
Septima hits the death yak with a +0 flail.
The death yak gores Septima!
Unknown command.
Septima hits the death yak with a +0 flail!
The death yak gores you!
The death yak gores Septima but does no damage.
Unknown command.
Casting: Olgreb's Toxic Radiance (dangerous; 5% risk of failure)
Confirm with . or Enter, or press ? or * to list all spells.
You begin to radiate toxic energy.
The death yak is poisoned. x2
The death yak looks even sicker. x2; The death yak gores you!!
* * * LOW HITPOINT WARNING * * *
The death yak gores Septima!
Unknown command.
The death yak looks even sicker.
Septima hits the death yak with a +0 flail!
The death yak gores Septima but does no damage.
Unknown command.
You shoot an arrow.
The arrow hits the death yak but does no damage.
The death yak is lightly wounded.
The death yak looks even sicker.
Septima hits the death yak with a +0 flail.
Unknown command.
You feel better.
Your toxic aura wanes.
The death yak closely misses you.
The death yak gores Septima!
Unknown command.
You shoot an arrow. The arrow hits the death yak!
The death yak is moderately wounded.
The death yak misses you.
The death yak gores Septima.
Septima hits the death yak but does no damage.
Unknown command.
You shoot an arrow. The arrow hits the death yak.
The death yak is heavily wounded.
The death yak gores you!!
You die...

................##.#.......#.###.
..............#..♣.##.......##R#.
....................#......####..
..............#♣.<.♣#.....## ###.
....................#......###.#.
.#.#......##P.#.....##........#..
.......##..####..+##...........<.
.....#.###..##......#..####P.....
......## #..#...@♣...### ###P...
...#...######...YRY...## ###..
..###.....##..♣..>..♣..## #...
..##.#..................#######..
.####.#..#.......♣.......##.##...
.########.................#.#....
.##.# #...♣..#.....#..♣..R#.....
..#.####......#..♣..##........#..
#..#...#.....#......##......####.


You could see the friendly Septima the knight and 2 death yaks.

Vanquished Creatures
  A hydra (Lair:3)
  A boulder beetle (D:12)
  2 two-headed ogres
  A tengu warrior (D:11)
  A death yak (Lair:3)
  3 slime creatures (D:12)
  A salamander (Lair:2)
  3 manticores (D:12)
  Maurice (D:8)
  A black mamba (Lair:1)
  5 cane toads
  An unseen horror (D:12)
  2 smoke demons (Lair:5)
  Maggie (D:8)
  3 komodo dragons
  A yaktaur (D:11)
  An ancient zyme (Lair:5)
  A troll (D:11)
  A queen bee (Lair:3)
  A hornet (D:9)
  Prince Ribbit (D:5)
  17 blink frogs
  A blink frog (shapeshifter) (Lair:5)
  A centaur simulacrum (D:11)
  Sigmund (D:2)
  2 wyverns
  2 wraiths
  A spriggan (Lair:5)
  A shadow (D:8)
  2 ynoxinuls (Lair:5)
  A vampire (D:11)
  18 yaks
  A steam dragon (D:8)
  3 basilisks
  Menkaure (D:5)
  A large abomination (Lair:5)
  Duvessa (D:5)
  An acid dragon (D:12)
  2 water moccasins
  3 black bears
  6 orc warriors
  2 ice beasts (D:6)
  2 sky beasts
  2 ogres
  4 centaurs
  6 wolves (Lair:1)
  A phantom (D:6)
  8 bullfrogs
  2 gnoll sergeants
  Blork the orc (D:5)
  6 small abominations (Lair:5)
  2 scorpions
  5 wights
  Dowan (D:5)
  22 killer bees
  An electric eel (D:7)
  3 howler monkeys
  3 lava snakes (Lair:2)
  4 hounds
  10 orc priests
  Crazy Yiuf (D:5)
  2 sleepcaps
  2 jellies
  A gnoll bouda (D:6)
  A human zombie (D:4)
  5 iguanas
  2 scorpion zombies (D:4)
  Ijyb (D:5)
  Terence (D:2)
  14 orc wizards
  A hell rat (Sewer)
  3 hound zombies (D:4)
  3 mummies (D:4)
  4 river rats
  13 adders
  9 gnolls
  An adder zombie (D:4)
  4 worms
  3 dart slugs
  52 orcs
  6 bats
  13 endoplasms
  6 giant cockroaches
  11 goblins
  9 hobgoblins
  7 jackals
  10 kobolds
  4 quokkas
  10 ball pythons
  3 frilled lizards
  15 rats
401 creatures vanquished.

Vanquished Creatures (collateral kills)
  2 hydras (Lair:3)
  A two-headed ogre (D:11)
  A death yak (Lair:4)
  An oklob plant (Lair:2)
  2 cane toads (Lair:1)
  2 komodo dragons
  A troll (D:10)
  4 blink frogs
  A slime creature (D:12)
  A wraith (D:12)
  A vampire (D:11)
  4 yaks
  An orc warrior (D:12)
  2 wolves (Lair:1)
  A bullfrog (Lair:1)
  A scorpion (D:8)
  3 killer bees
  A lava snake (Lair:2)
  3 orc wizards
  6 orcs
39 creatures vanquished.

Vanquished Creatures (others)
  4 knights
  A bush (Lair:5)
  26 fungi
  30 plants
61 creatures vanquished.

Grand Total: 501 creatures vanquished

Notes
Turn   | Place    | Note
-------+----------+-------------------------------------------
     0 | D:1      | Newt the Kobold Hunter began the quest for the Orb.
     0 | D:1      | Reached XP level 1. HP: 12/12 MP: 1/1
    73 | D:1      | You fall into a shaft and drop 1 floor!
   147 | D:2      | Reached XP level 2. HP: 13/19 MP: 2/2
   203 | D:2      | Reached XP level 3. HP: 23/23 MP: 3/3
   706 | D:1      | Reached XP level 4. HP: 30/30 MP: 4/4
  1845 | D:2      | Reached skill level 5 in Fighting
  2021 | D:2      | Reached XP level 5. HP: 35/35 MP: 5/5
  2174 | D:2      | Noticed Terence
  2184 | D:2      | Killed Terence
  2185 | D:2      | Reached skill level 6 in Ranged Weapons
  2732 | D:2      | Noticed Sigmund
  2736 | D:2      | Killed Sigmund
  2737 | D:2      | Reached skill level 8 in Ranged Weapons
  2737 | D:2      | Reached XP level 6. HP: 40/40 MP: 6/6
  3764 | D:4      | Reached XP level 7. HP: 44/44 MP: 7/7
  3784 | D:4      | Found a glowing drain.
  3788 | Sewer    | Entered a sewer
  3857 | Sewer    | Reached skill level 9 in Ranged Weapons
  4156 | D:4      | Found a hazy altar of Hepliaklqana.
  4184 | D:4      | Became a worshipper of Hepliaklqana the Forgotten
  4602 | D:4      | Found a staircase to the Ecumenical Temple.
  4697 | D:4      | Reached skill level 10 in Ranged Weapons
  4793 | D:4      | Reached XP level 8. HP: 42/49 MP: 8/8
  4831 | D:4      | Found an ancient bone altar of Kikubaaqudgha.
  4850 | D:4      | Reached skill level 5 in Dodging
  4935 | D:5      | Entered Level 5 of the Dungeon
  5009 | D:5      | Noticed Blork the orc
  5016 | D:5      | Killed Blork the orc
  5017 | D:5      | Found a sacrificial altar of Ru.
  5062 | D:5      | Noticed Prince Ribbit
  5075 | D:5      | HP: 1/49 [Prince Ribbit (16)]
  5455 | D:5      | Killed Prince Ribbit
  5456 | D:5      | Reached skill level 11 in Ranged Weapons
  5611 | D:5      | Found a runed translucent door.
  5615 | D:5      | Noticed Crazy Yiuf
  5617 | D:5      | Killed Crazy Yiuf
  5673 | D:5      | Noticed Ijyb
  5690 | D:5      | Killed Ijyb
  5753 | D:5      | Reached skill level 12 in Ranged Weapons
  5753 | D:5      | Reached XP level 9. HP: 26/54 MP: 9/9
  5777 | D:5      | Noticed Menkaure
  5779 | D:5      | Killed Menkaure
  5902 | D:5      | Noticed Duvessa
  5906 | D:5      | Noticed Dowan
  5917 | D:5      | Killed Dowan
  5920 | D:5      | Killed Duvessa
  5921 | D:5      | Reached skill level 13 in Ranged Weapons
  6099 | D:5      | Found Zuohelya's Distillery.
  6104 | D:5      | Bought a potion of heal wounds for 60 gold pieces
  6104 | D:5      | Bought a potion of mutation for 96 gold pieces
  6194 | D:6      | Reached skill level 14 in Ranged Weapons
  6304 | D:6      | Found a stormy altar of Qazlal.
  6788 | D:6      | Reached skill level 15 in Ranged Weapons
  6788 | D:6      | Reached * piety under Hepliaklqana
  6802 | D:6      | Reached skill level 1 in Evocations
  7017 | D:7      | Reached XP level 10. HP: 53/53 MP: 10/10
  7139 | D:7      | Reached skill level 5 in Evocations
  7220 | D:7      | Found a shadowy altar of Dithmenos.
  7619 | D:7      | Found a radiant altar of Vehumet.
  8042 | D:7      | Reached ** piety under Hepliaklqana
  8043 | D:7      | Remembered your ancestor Septima as a knight
  8747 | D:8      | Found a sparkling altar of Nemelex Xobeh.
  8747 | D:8      | Found a shimmering altar of Xom.
  8748 | D:8      | Found a burning altar of Makhleb.
  8748 | D:8      | Found a glowing silver altar of Zin.
  9114 | D:8      | Found a staircase to the Lair.
  9200 | D:8      | Reached skill level 1 in Spellcasting
  9200 | D:8      | Reached skill level 1 in Poison Magic
  9745 | D:8      | Found a hide-covered altar of Uskayaw.
  9785 | D:8      | Noticed Maggie
  9794 | D:8      | Killed Maggie
  9826 | D:8      | Found an opulent altar of Gozag.
  9837 | D:8      | Noticed a two-headed ogre
  9839 | D:8      | Killed a two-headed ogre
  9840 | D:8      | Reached XP level 11. HP: 61/61 MP: 13/16
  9865 | D:8      | Reached *** piety under Hepliaklqana
  9955 | D:9      | Noticed Maurice
 10116 | D:8      | Killed Maurice
 10370 | D:9      | Gained mutation: You have very sharp teeth. [potion of
                  | mutation]
 10370 | D:9      | Gained mutation: You are agile. (Dex +4, Str/Int -1)
                  | [potion of mutation]
 10630 | D:9      | Reached skill level 5 in Spellcasting
 10630 | D:9      | Reached skill level 5 in Poison Magic
 10966 | D:9      | Learned a level 4 spell: Olgreb's Toxic Radiance
 11137 | D:10     | Entered Level 10 of the Dungeon
 11160 | D:10     | Found a bloodstained altar of Trog.
 11414 | D:10     | Found an ornate altar of the Wu Jian Council.
 11881 | D:10     | Found a shimmering blue altar of Sif Muna.
 11912 | D:10     | Found a snail-covered altar of Cheibriados.
 12171 | D:11     | Noticed a two-headed ogre
 12174 | D:11     | Killed a two-headed ogre
 12355 | D:11     | Identified the +2 trident of the Shoals {freeze, Stlth+}
 12366 | D:11     | Reached **** piety under Hepliaklqana
 12466 | D:11     | Noticed a tengu warrior
 12476 | D:11     | HP: 2/61 [tengu warrior/boomerang of dispersal (7)]
 12479 | D:11     | Killed a tengu warrior
 12480 | D:11     | Reached XP level 12. HP: 42/65 MP: 20/23
 13242 | D:12     | Noticed a two-headed ogre
 13252 | D:12     | Killed a two-headed ogre
 13482 | D:12     | Found a staircase to the Orcish Mines.
 13618 | D:12     | Noticed a boulder beetle
 13625 | D:12     | Killed a boulder beetle
 13749 | D:12     | Found Rovapluz's Armour Shoppe.
 13754 | D:12     | Bought a +1 cloak of stealth for 198 gold pieces
 14044 | Lair:1   | Entered Level 1 of the Lair of Beasts
 14124 | Lair:1   | Reached ***** piety under Hepliaklqana
 14282 | Lair:1   | Reached skill level 5 in Invocations
 15432 | Lair:1   | Reached XP level 13. HP: 45/70 MP: 26/26
 16322 | Lair:2   | Found a basalt altar of Yredelemnul.
 16681 | Lair:2   | Found a staircase to the Snake Pit.
 16695 | Lair:2   | Reached skill level 16 in Ranged Weapons
 17353 | Lair:3   | Reached skill level 17 in Ranged Weapons
 17658 | Lair:3   | Reached ****** piety under Hepliaklqana
 18167 | Lair:3   | Noticed a seven-headed hydra
 18171 | Lair:3   | Killed a seven-headed hydra
 18323 | Lair:3   | You fall into a shaft and drop 2 floors!
 18323 | Lair:5   | Entered Level 5 of the Lair of Beasts
 18390 | Lair:5   | Reached skill level 18 in Ranged Weapons
 18520 | Lair:5   | Identified the +3 broad axe of Pon Zop {spect, Contam rPois
                  | rCorr SInv}
 18678 | Lair:5   | Reached skill level 19 in Ranged Weapons
 18877 | Lair:3   | Noticed a six-headed hydra
 18882 | Lair:3   | Killed a six-headed hydra
 18883 | Lair:3   | Reached XP level 14. HP: 66/75 MP: 27/27
 18928 | Lair:3   | Found a staircase to the Swamp.
 19247 | Lair:3   | Slain by a death yak

Illustrated notes

Levels and vault maps discovered:
D:1:      erik_arrival_orb_chamber, layout_basic
D:2:      layout_basic, minmay_crystal_room, st_stairs_14, uniq_terence,
          uniq_sigmund
D:3:      layout_basic
D:4:      layout_basic, mainiacjoe_overflow_alcove_1,
          lemuel_mausoleum_altar_kikubaaqudgha, minmay_temple_entry_nine_rooms,
          gup_sewer_entry_spiral, corexii_leaking_fountain, corexii_shack,
          kennysheep_pointless_box
D:5:      layout_rooms, nicolae_ru_great_annihilating_truth, serial_shops,
          nicolae_shop_waterfront, guppyfry_early_orc_mine, uniq_duvessa,
          uniq_prince_ribbit1, uniq_menkaure, uniq_ijyb,
          uniq_crazy_yiuf_cottage, uniq_blork_the_orc
D:6:      layout_basic, nicolae_qazlal_scattered_showers,
          minmay_misc_feat_square, minmay_puff
D:7:      layout_basic, vehumet_crystals, grunt_dithmenos_smoke,
          minmay_crystal_water
D:8:      layout_basic, mainiacjoe_overflow_six_doors_small,
          mainiacjoe_overflow_alcove_3, mainiacjoe_overflow_24_doors,
          grunt_lair_entry_orc_guard_hut, uniq_maggie
D:9:      layout_long_grid, uniq_maurice
D:10:     layout_loops_ring, mainiacjoe_overflow_brackets,
          mainiacjoe_overflow_boulevard, trog_hazing_becter, lemuel_doored_altar
D:11:     layout_long_grid, hangedman_abyss_or_decor_stagger, minmay_radiant
D:12:     layout_roguey, minmay_orc_entry_temple_small, serial_shops, shop,
          chequers_decorated_corner
Lair:1:   layout_layer_cave, hibernation_bobbens
Lair:2:   layout_layer_cave, nicolae_snake_entry_warm_welcome,
          lemuel_oklob_altar
Lair:3:   layout_layer_cave, palyth_hydra_swamp_entry, special_room
          [special_room_bee], chequers_serial_rivers_small_b, grunt_megastairs_3
Lair:4:   layout_cave_pods, slime_entry_1, serial_bayou_shore_b, uniq_rupert
Lair:5:   hellmonk_lair_end_abyssal_woods, layout_hall_layers,
          portal_ice_cave_entry_animals_and_master,
          maelrawn_ghost_gauntlet_escape

Skill      XL: |  1  2  3  4  5  6  7  8  9 10 11 12 13 14 |
---------------+-------------------------------------------+-----
Fighting       | 3 4 5 8 |  8.0
Ranged Weapons | 8 10 12 15 19 | 19.0
Dodging        | 4 6 7 8 |  8.1
Evocations     | 4 6 |  6.0
Spellcasting   | 3 7 9 |  9.0
Poison Magic   | 3 7 9 |  9.0
Invocations    | 7 8 |  8.0
Stealth        | |  1.3

Action                     |  1- 3 |  4- 6 |  7- 9 | 10-12 | 13-15 || total
---------------------------+-------+-------+-------+-------+-------++-------
   Fire: Shortbow          |    63 |   148 |   337 |   548 |   267 ||  1363
   Cast: Olgreb's Toxic Ra |       |       |       |     7 |    12 ||    19
 Invoke: Ancestor Life: Kn |       |       |       |     1 |       ||     1
         Recall Ancestor   |       |       |       |       |     3 ||     3
  Evoke: Wand              |       |       |       |     1 |       ||     1
    Use: Scroll            |       |     9 |     9 |    10 |     8 ||    36
         Potion            |       |       |     2 |     3 |     9 ||    14
 Armour: Leather armour    |     5 |    13 |    29 |    36 |    17 ||   100
  Dodge: Dodged            |    23 |    51 |   160 |   155 |    97 ||   486

Table legend: (Time is in decaauts)
 A = Elapsed time spent in this place.
 B = Non-inter-level travel time spent in this place.
 C = Inter-level travel time spent in this place.
 D = Time resting spent in this place.
 E = Time spent auto-exploring this place.
 F = Levels seen in this place.
 G = Mean time per level.
                   A        B        C        D        E       F      G
               +--------+--------+--------+--------+--------+-----+--------+
         Total |  19155 |  18598 |    557 |   1758 |  14489 |  18 | 1064.2 |
       Dungeon |  13943 |  13507 |    436 |   1256 |  10440 |  12 | 1161.9 |
          Lair |   5089 |   4968 |    121 |    502 |   3970 |   5 | 1017.8 |
         Sewer |    122 |    122 |      0 |      0 |     78 |   1 |  122.0 |
               +--------+--------+--------+--------+--------+-----+--------+

Top non-repeatable levels by time:
     D:8: 1997 daAuts
     D:2: 1804 daAuts
  Lair:2: 1654 daAuts
  Lair:3: 1622 daAuts
  Lair:1: 1427 daAuts
     D:4: 1305 daAuts
     D:1: 1285 daAuts
     D:7: 1231 daAuts
     D:6: 1172 daAuts
    D:11: 1034 daAuts
    D:12: 906 daAuts
    D:10: 902 daAuts
     D:9: 893 daAuts
     D:5: 880 daAuts
     D:3: 527 daAuts
